 Dungeon Crawl Stone Soup version 0.27.1-2-g3b301248ec (webtiles) character file.

Game seed: 14600643100116135499

424 cdecastro the Cleaver (level 6, 0/51 HPs)
             Began as a Minotaur Fighter on Oct 4, 2021.
             Slain by an orc warrior (4 damage)
             ... on level 6 of the Dungeon.
             The game lasted 00:10:45 (4338 turns).

cdecastro the Cleaver (Minotaur Fighter)            Turns: 4338, Time: 00:10:45

Health: 0/51       AC:  9    Str: 23    XL:     6   Next: 64%
Magic:  0/5        EV:  7    Int:  5    God:
Gold:   139        SH:  9    Dex:  9    Spells: 5/5 levels left

rFire    . . .     SeeInvis .   a - +1 war axe
rCold    . . .     Faith    .   c - +0 kite shield
rNeg     . . .     Spirit   +   b - +0 scale mail
rPois    .         Reflect  .   x - +1 hat
rElec    .         Harm     .   (no cloak)
rCorr    .         Rampage  .   (no gloves)
Will     .....                  o - +0 pair of boots
Stlth    ..........             f - amulet of guardian spirit
HPRegen  0.17/turn              (no ring)
MPRegen  0.09/turn              (no ring)

@: no status effects
A: horns 2, retaliatory headbutt
a: no special abilities


You were on level 6 of the Dungeon.
You visited 1 branch of the dungeon, and saw 6 of its levels.

You collected 139 gold pieces.

Inventory:

Hand Weapons
 a - a +1 war axe (weapon)
 w - a +0 flail
Missiles
 j - 55 arrows
 k - 39 bolts
 l - 28 sling bullets
 m - 60 stones (quivered)
 p - 4 curare-tipped darts
 t - 2 throwing nets
 v - 11 poisoned darts
Armour
 b - a +0 scale mail (worn)
 c - a +0 kite shield (worn)
 o - a +0 pair of boots (worn)
 x - a +1 hat (worn)
Jewellery
 f - an amulet of guardian spirit (around neck)
Wands
 r - a wand of polymorph (13)
 u - a wand of flame (11)
Scrolls
 h - a scroll of enchant armour
Potions
 g - a potion of cancellation {unknown}
 q - a potion of haste {unknown}
 s - a potion of magic {unknown}


   Skills:
 - Level 3.6 Fighting
 + Level 8.7 Axes
 - Level 3.6 Armour
 - Level 3.6 Shields


You had 5 spell levels left.
You didn't know any spells.
Your spell library contained the following spells:

 Spells                   Type           Power      Damage    Failure   Level
 Magic Dart               Conj           0%         1d3       99%         1
 Searing Ray              Conj           0%         3d3       100%        2
 Fulminant Prism          Conj/Hex       0%         3d6       100%        4


Dungeon Overview and Level Annotations

Branches:
Dungeon (7/15)
 Temple: D:4-7

Altars:
Fedhas

Annotations:
D:2 1 runed translucent door, Crazy Yiuf
D:6 Pikel


Innate Abilities, Weirdness & Mutations

You have a pair of horns on your head.
You reflexively headbutt those who attack you in melee.


Message History

The lemure completely misses you. You furiously retaliate!
You headbutt the lemure!
As you read the scroll labelled AJALOR FAUTO, it crumbles to dust.
It is a scroll of identify.
h - a scroll of enchant armour You block the orc warrior's attack.
The lemure hits you.
As you read the scroll labelled JOESOSK DIJATOU, it crumbles to dust.
You speak a Word of immense power!
The lemure convulses!
You kill the lemure!
That felt strangely unrewarding.
The lemure convulses!
You kill the lemure!
That felt strangely unrewarding.
It was a scroll of holy word.
The orc warrior closely misses you.
The orc priest hits you but does no damage.
As you read the scroll labelled DAAMEU ZIEGOKEFUSU, it crumbles to dust.
It is a scroll of enchant weapon.
Your +0 war axe glows red for a moment.
The orc warrior hits you with a +0 dire flail!
The orc priest hits you but does no damage.
You block Pikel's attack.
Unknown command.
You block the orc warrior's attack. You block the orc priest's attack.
You block the orc warrior's attack.
The orc warrior hits you with a +0 dire flail!
* * * LOW HITPOINT WARNING * * *
Pikel hits you with a +2 whip of freezing.
* * * LOW HITPOINT WARNING * * *
Pikel freezes you.
* * * LOW HITPOINT WARNING * * *
The orc priest invokes the aid of Beogh against you.
Beogh smites you!
* * * LOW HITPOINT WARNING * * *
A lemure comes into view.
Things that are here:
a +0 robe; a +0 dagger
Okay, then.
Unknown command.
The lemure completely misses you.
The orc warrior hits you with a +0 dire flail.
You die...

#..>....#........5........
#.......#.................
#......##...###...##§.....
#......##...###...##.§§.#.
#......##.............§.#.
#.....[##.................
#......o..............§...
#.......o5...###'###......
#.......K@...##...##..≈...
#......##....#....#.......
########.....#....#.......
#.....##.).#.......
########...#...)##)
#)...#....##.
#....#.....'.
#....#.....#.
##....#.....#.


You could see Pikel, an orc warrior, a lemure and an orc priest.

Vanquished Creatures
  3 lemures (D:6)
  A scorpion (D:2)
  2 hounds (D:6)
  A gnoll shaman (D:6)
  Jessica (D:3)
  2 iguanas
  An orc wizard (D:6)
  7 adders
  3 gnolls (D:6)
  2 ufetubi (D:6)
  A worm (D:2)
  A dart slug (D:2)
  6 orcs
  3 bats
  5 endoplasms
  A giant cockroach (D:3)
  4 goblins
  10 hobgoblins
  3 quokkas
  5 ball pythons
  3 frilled lizards (D:1)
  7 kobolds
  5 rats
77 creatures vanquished.

Notes
Turn   | Place    | Note
-------+----------+-------------------------------------------
     0 | D:1      | cdecastro the Minotaur Fighter began the quest for the Orb.
     0 | D:1      | Reached XP level 1. HP: 19/19 MP: 0/0
   326 | D:1      | Reached skill level 3 in Axes
   358 | D:1      | Reached XP level 2. HP: 26/26 MP: 1/1
   531 | D:1      | Reached skill level 4 in Axes
  1316 | D:2      | Reached XP level 3. HP: 27/31 MP: 2/2
  1681 | D:2      | Reached skill level 5 in Axes
  1748 | D:2      | Reached XP level 4. HP: 36/39 MP: 3/3
  1780 | D:2      | Found a runed translucent door.
  1781 | D:2      | Noticed Crazy Yiuf
  2611 | D:3      | Reached skill level 6 in Axes
  2743 | D:3      | Noticed Jessica
  2875 | D:3      | Killed Jessica
  2876 | D:3      | Reached XP level 5. HP: 44/45 MP: 4/4
  2905 | D:2      | Reached skill level 7 in Axes
  3146 | D:3      | Found a faded altar of an unknown god.
  3336 | D:3      | You fall into a shaft and drop 3 floors!
  3468 | D:6      | Found a blossoming altar of Fedhas.
  3475 | D:6      | Reached XP level 6. HP: 51/51 MP: 5/5
  3610 | D:6      | Reached skill level 8 in Axes
  3849 | D:5      | Entered Level 5 of the Dungeon
  4052 | D:6      | Noticed Pikel
  4053 | D:6      | Noticed an orc warrior
  4316 | D:7      | Noticed a steam dragon
  4316 | D:7      | Noticed a sky beast
  4316 | D:7      | Noticed a sky beast
  4338 | D:6      | Slain by an orc warrior

Illustrated notes

Levels and vault maps discovered:
D:1:      lemuel_arrival_room, layout_loops_ring, serial_forest,
          infiniplex_forest_clump_curved, infiniplex_forest_zigzag_2,
          infiniplex_forest_clump_double, infiniplex_forest_lined_corner,
          infiniplex_forest_end_3, infiniplex_forest_straight_2
D:2:      layout_loops_ring, minmay_small_reverse_x, uniq_crazy_yiuf_cottage
D:3:      layout_basic, demons_altar,
          dreamdust_ecumenical_altar_hidden_monk_grotto,
          minmay_misc_feat_secret_circle, minivault_5, uniq_jessica,
          uniq_natasha
D:5:      layout_cave_pods, grunt_gozag_breadcrumbs, minmay_temple_entry_hall,
          st_stairs_9, uniq_grinder
D:6:      layout_gridville, mainiacjoe_overflow_tiny_flanked,
          grunt_ministairs_14, uniq_pikel
D:7:      layout_rooms, overflow_temple_1_default, mainiacjoe_overflow_alcove_4,
          chequers_ossuary_entry_cave, hangedman_misty_isle

Skill      XL: |  1  2  3  4  5  6 |
---------------+-------------------+-----
Axes           | 3 4 5 6 7 8 |  8.7
Fighting       | |  3.6
Armour         | |  3.6
Shields        | |  3.6

Action                   |  1- 3 |  4- 6 || total
-------------------------+-------+-------++-------
Melee: War axe           |    90 |   145 ||   235
       Headbutt          |    12 |    28 ||    40
  Use: Potion            |       |     4 ||     4
       Scroll            |       |     4 ||     4
Armor: Scale mail        |    27 |    52 ||    79
Dodge: Dodged            |    31 |    47 ||    78
Block: Kite shield       |    37 |    89 ||   126
